Frizzbo, neutral female sylph Wizard ----- ------ |[[.| |....| |...| |.....# |[[.-# |>*..|# |..[|# |....|# |[[[|# |....|# |[..|# -.----# -----# # # # ### ### # # # # ######f@### # ### ###--------# # # #|.......# # # #|...<..| ###---.-------- #|......| #............#####-------- |..........| ------------ Frizzbo the Evoker Experience level: 2 Strength: 25 Dexterity: 15 Constitution: 11 Intelligence: 14 Wisdom: 20 Charisma: 9 Health: 0(15) Energy: 24(24) Def: 10 Gold: 127 Moves: 2107 Dungeon seed: n3Gd4iT1GiGxdv6s Game ID: Frizzbo_1465686462 Your Inventory: Coins $ - 127 gold pieces Weapons a - a blessed +1 quarterstaff (weapon in hands) Armor e - an uncursed +0 cloak of magic resistance (being worn) n - an uncursed +0 pair of high boots (being worn) q - a blessed +1 studded leather armor (being worn) y - an uncursed +1 pair of gauntlets of power (being worn) N - an uncursed +0 helmet (being worn) Comestibles z - an uncursed tin of kobold meat Scrolls i - an uncursed scroll of light m - an uncursed scroll of scare monster o - 2 uncursed scrolls of scare monster x - an uncursed scroll of magic mapping Spellbooks b - a blessed spellbook of force bolt c - an uncursed spellbook of sleep Potions f - an uncursed potion of gain energy g - 2 uncursed potions of healing p - an uncursed potion of gain ability r - an uncursed potion of monster detection s - a blessed potion of monster detection v - an uncursed potion of sickness Wands h - a wand of cold (0:5) t - a wand of speed monster (0:4) Tools j - an uncursed tin opener (alternate weapon; not wielded) k - an uncursed magic whistle Spells and supernatural/magical abilities: Name Level Category Fail Memory a - force bolt 1 attack 53% 90% z - sleep 1 enchantment 53% 90% W - pray for help -- divine ? -- Your skills at the end: Miscellaneous Skills wands [Basic] Weapon Skills quarterstaff [Basic] Spellcasting Skills attack spells [Basic] enchantment spells [Basic] Final Attributes: You were fervently aligned. You were magic-protected. You saw invisible. You were protected from shape changers. You are dead. Vanquished creatures: a gas spore an acid blob a large kobold a gecko a giant rat a jackal 6 newts 2 goblins 3 sewer rats 4 grid bugs 3 lichens a kobold zombie 25 creatures vanquished. Voluntary challenges: You did not adorn yourself with jewelry or accessories. You used a wielded weapon 17 times, starting on turn 1. You did not use containers. You did not apply a unicorn horn. You read items or engraved 4 times, starting on turn 24. You never genocided any monsters. You never polymorphed an object. You never changed form. You used no wishes. You never split a pudding. You wrote Elbereth's name 2 times, starting on turn 24. You violated your moral code, losing 3 points of alignment, starting on turn 315. Dungeon overview: The Dungeons of Doom: levels 1 to 4 Level 1 a fountain a long staircase Level 2 a general store Level 3 a long staircase Level 4 <- You were here an armor shop History has recorded: On T:1 you entered the Dungeons of Doom to retrieve the Amulet of Yendor! On T:355 you reached level 2 of The Dungeons of Doom. On T:958 you advanced to experience level 2. On T:1191 you reached level 3 of The Dungeons of Doom. On T:1631 you reached level 4 of The Dungeons of Doom. Score breakdown: Gold: 127 ( 12 points) Experience: 2 levels ( 100 points) Exploration: 4 levels ( 90 points) Discoveries: 5 items ( 250 points) Variety of kills: 12 monsters ( 600 points) Major goal: (nothing yet) ( 0 points) Survival: died (score multiplied by 3) Total score: 3156 Latest messages: You take off your coarse mantelet. You are now wearing a cloak of magic resistance. You start equipping your pair of jackboots. You are now wearing a pair of jackboots. You start equipping your pair of riding gloves. You are now wearing a pair of riding gloves. You drop a +0 coarse mantelet. A +0 orcish cloak; you sold it for 20 gold pieces. a +0 orcish cloak, price 53 zorkmids. There is an open door here. You see here a plumed helmet. N - a plumed helmet. You start equipping your plumed helmet. You are now wearing a plumed helmet. You stop exploring. You kill the gas spore! You are caught in the gas spore's explosion! Final status: Goodbye Frizzbo the Wizard, killed by a gas spore's explosion... You died in The Dungeons of Doom on dungeon level 4 with 3156 points, and 127 pieces of gold, after 2107 moves. You were level 2 with a maximum of 15 hit points when you died.